 Dungeon Crawl Stone Soup version 0.29.1-2-gbd0b4ee654 (webtiles) character file.

Game seed: 3522190670371706113

225 JayTehDuck the Sneak (level 6, -4/41 HPs)
             Began as an Octopode Transmuter on Nov 4, 2022.
             Was an Initiate of Gozag.
             Slain by Grinder (9 damage)
             ... on level 4 of the Dungeon.
             The game lasted 00:24:13 (4261 turns).

JayTehDuck the Sneak (Octopode Transmuter)          Turns: 4261, Time: 00:24:14

Health: -4/41      AC:  1    Str: 11    XL:     6   Next: 1%
Magic:  9/9        EV: 13    Int: 16    God:    Gozag
Gold:   347        SH:  3    Dex: 12    Spells: 8/9 levels left

rFire   . . .      SeeInvis .     - Unarmed
rCold   . . .      Faith    .   d - +0 buckler
rNeg    . . .      Spirit   .   (helmet restricted)
rPois   .          Reflect  .   (no amulet)
rElec   .          Harm     .   (no ring)
rCorr   .          Rampage  .   (no ring)
Will    .....      Rage     3%  (no ring)
Stlth   +++.......              (no ring)
HPRegen 0.13/turn               (no ring)
MPRegen 0.11/turn               (no ring)
                                (no ring)
                                (no ring)

@: no status effects
A: almost no armour, amphibious, 8 rings, camouflage 1, gelatinous body 1,
(nimble swimmer 1), tentacles, tentacle spike 1, berserk 1, robust 1
a: Renounce Religion, Potion Petition, Call Merchant, Bribe Branch


You were on level 4 of the Dungeon.
You worshipped Gozag.
Gozag was aware of your devotion.
You visited 1 branch of the dungeon, and saw 4 of its levels.

You collected 387 gold pieces.
You paid 40 gold pieces to Gozag.

Inventory:

Hand Weapons
 f - a +0 whip
 m - a +2 falchion of freezing
Missiles
 e - 2 boomerangs (quivered)
 g - 35 stones
Armour
 d - a +0 buckler (worn)
 l - a +0 robe
Wands
 o - a wand of polymorph (14)
Scrolls
 b - 2 scrolls of amnesia
 i - a scroll of noise
 j - a scroll of immolation {unknown}
 n - a scroll of enchant armour {unknown}
Potions
 a - 5 potions of lignification
 h - a potion of might {unknown}


   Skills:
 + Level 1.2 Fighting
 + Level 0.8 Maces & Flails
 + Level 2.9 Dodging
 + Level 4.2 Stealth
 + Level 4.1 Unarmed Combat
 + Level 2.4 Spellcasting
 + Level 2.9 Transmutations


You had 8 spell levels left.
You knew the following spells:

 Your Spells              Type           Power      Damage    Failure   Level
a - Beastly Appendage     Tmut           22%        N/A       9%          1

Your spell library contained the following spells:

 Spells                   Type           Power      Damage    Failure   Level
 Wereblood                Tmut           11%        N/A       12%         2
 Magic Dart               Conj           4%         1d3       26%         1
 Searing Ray              Conj           2%         2d4       38%         2
 Spider Form              Tmut/Pois      6%         N/A       41%         3
 Ice Form                 Ice/Tmut       6%         N/A       83%         4
 Fulminant Prism          Conj/Hex       0%         3d6       95%         4


Dungeon Overview and Level Annotations

Branches:
Dungeon (4/15)             Temple (0/1) D:4

Altars:
Gozag

Annotations:
D:4 Grinder


Innate Abilities, Weirdness & Mutations

You cannot wear most types of armour.
You are amphibious.
You can wear up to eight rings at the same time.
Your skin changes colour to match your surroundings (Stealth+).
Your rubbery body absorbs attacks. (AC +1, EV +1)
((You are camouflaged when in or above water. (Stealth+)))
You have tentacles for arms and can constrict up to eight enemies at once.
One of your tentacles bears a spike.
You sometimes lose your temper in combat.
You are robust. (+10% HP)


Message History

An orc comes into view. It is wielding a +0 hand axe.
You can move again.
You feel much better.
The orc shouts!
The gnoll hits you from afar with a +0 spear!
The kobold closely misses you.
Grinder says, "Mostly I couldn't keep them alive."
Grinder gestures at you. You resist with significant effort.
The ball python bites you but does no damage.
The ball python grabs you. The ball python constricts you.
You feel better. The kobold hits you with a +0 club.
The gnoll hits you from afar with a +0 spear.
Grinder blinks!
The ball python bites you. The ball python constricts you.
You escape the ball python's grasp.
Found a scroll labelled ARUPTA XAAGIHY.
The gnoll hits you from afar with a +0 spear!
* * * LOW HITPOINT WARNING * * *
The kobold throws a stone.
You block the stone.
Grinder says, "Wait up."
The ball python barely misses you. The ball python closely misses you.
The ball python attacks as you move away!
The ball python barely misses you. You block the gnoll's attack.
The ball python attacks as you move away!
The ball python closely misses you. The ball python misses you.
Grinder barely misses you.
The ball python attacks as you move away!
The ball python bites you but does no damage.
The orc barely misses you. The ball python barely misses you. x2
The ball python attacks as you move away!
The ball python closely misses you. You block the ball python's attack.
Grinder grins, showing sharp teeth.
Grinder attacks as you move away! Grinder barely misses you.
The orc attacks as you move away! The orc hits you with a +0 hand axe.
* * * LOW HITPOINT WARNING * * *
Grinder attacks as you move away! Grinder closely misses you.
The orc attacks as you move away! The orc closely misses you.
Grinder attacks as you move away! Grinder hits you!
You die...
Your body crumbles into a pile of gold.

#... ###############
##... #..............
..... ...............
..... ...............
..... ...............
..... ...............
....[ #..............
..... #......@.......
..... #.....o5.......
..... #......S.......
..... #......Kg...... $
.... #....?.g....... ...
#^.............. ...
#.......................
#..............$........
#.......................


You could see Grinder, a gnoll, an orc, a goblin, a ball python and a kobold.

Vanquished Creatures
  An orc priest (D:4)
  A hound (D:3)
  An iguana (D:4)
  A gnoll (D:1)
  3 adders
  A worm (D:3)
  7 dart slugs
  6 orcs
  6 ball pythons
  13 endoplasms
  2 giant cockroaches
  A goblin (D:4)
  4 hobgoblins
  4 jackals (D:2)
  4 quokkas
  10 bats
  2 frilled lizards
  10 kobolds
  3 rats
80 creatures vanquished.

Vanquished Creatures (others)
  10 plants
10 creatures vanquished.

Grand Total: 90 creatures vanquished

Notes
Turn   | Place    | Note
-------+----------+-------------------------------------------
     0 | D:1      | JayTehDuck the Octopode Transmuter began the quest for the
                  | Orb.
     0 | D:1      | Reached XP level 1. HP: 13/13 MP: 3/3
   313 | D:1      | Reached XP level 2. HP: 15/18 MP: 3/5
   379 | D:1      | Found Folomic's General Store.
   548 | D:1      | Reached skill level 1 in Stealth
   548 | D:1      | Reached XP level 3. HP: 8/23 MP: 4/6
  1159 | D:1      | Gained mutation: You sometimes lose your temper in combat.
                  | [potion of mutation]
  1159 | D:1      | Gained mutation: You are agile. (Dex +4, Str/Int -1)
                  | [potion of mutation]
  1159 | D:1      | Gained mutation: Your muscles are strong. (Str +4, Int/Dex
                  | -1) [potion of mutation]
  1739 | D:2      | Reached XP level 4. HP: 27/28 MP: 7/7
  2341 | D:3      | Found an opulent altar of Gozag.
  2358 | D:3      | Became a worshipper of Gozag Ym Sagoz the Greedy
  2684 | D:2      | Lost mutation: You are agile. (Dex +4, Str/Int -1) [potion
                  | of mutation]
  2684 | D:2      | Lost mutation: Your muscles are strong. (Str +4, Int/Dex
                  | -1) [potion of mutation]
  2684 | D:2      | Gained mutation: You are robust. (+10% HP) [potion of
                  | mutation]
  2684 | D:2      | Gained mutation: One of your tentacles bears a spike.
                  | [potion of mutation]
  3209 | D:3      | Reached XP level 5. HP: 36/36 MP: 8/8
  3954 | D:4      | Found a staircase to the Ecumenical Temple.
  4235 | D:4      | Reached XP level 6. HP: 31/41 MP: 9/9
  4240 | D:4      | Noticed Grinder
  4244 | D:4      | Paralysed by Grinder for 3 turns
  4261 | D:4      | Slain by Grinder

Illustrated notes

Levels and vault maps discovered:
D:1:      lemuel_arrival_broad_hall, layout_loops_ring, serial_shops, shop
D:2:      layout_basic, serial_bayou_ford_a, minmay_strange_pillars,
          kennysheep_potato
D:3:      layout_loops_cross, mainiacjoe_overflow_tiny_flanked,
          solitary_fountain, minmay_joined_circles
D:4:      layout_basic, minmay_temple_entry_gardened_gates, minmay_between,
          uniq_grinder

Skill      XL: |  1  2  3  4  5 |
---------------+----------------+-----
Stealth        | 1 2 4 |  4.2
Unarmed Combat | 4 |  4.1
Fighting       | |  1.2
Maces & Flails | |  0.8
Dodging        | |  2.9
Spellcasting   | |  2.4
Transmutations | |  2.9

Action                   |  1- 3 |  4- 6 || total
-------------------------+-------+-------++-------
Melee: Unarmed           |    59 |    46 ||   105
       Constrict         |    17 |    40 ||    57
       Kick              |     6 |    32 ||    38
       Tentacles         |    15 |    33 ||    48
       Punch             |     2 |     3 ||     5
       Whip              |       |    80 ||    80
Throw: Stone             |       |     2 ||     2
       Boomerang         |       |     9 ||     9
 Cast: Beastly Appendage |     6 |     2 ||     8
  Use: Scroll            |     4 |     3 ||     7
       Potion            |     1 |     3 ||     4
 Stab: Sleeping          |     7 |    12 ||    19
Armor: Skin              |    10 |     7 ||    17
Dodge: Dodged            |    42 |    66 ||   108
Block: Buckler           |       |    17 ||    17
